 Dungeon Crawl Stone Soup version 0.16.2-12-gd0ad4c3 (webtiles) character file.

290016 faibistes the Eclecticist (level 19, -1/110 HPs)
             Began as a Deep Elf Wizard on Oct 13, 2018.
             Was the Champion of Sif Muna.
             Slain by a red ugly thing (11 damage)
             ... on level 2 of the Vaults on Oct 14, 2018.
             The game lasted 04:53:56 (79822 turns).

faibistes the Eclecticist (Deep Elf Wizard)        Turns: 79822, Time: 04:53:56

Health: -1/110     AC: 13    Str: 11    XL:     19   Next: 92%
Magic:  32/56      EV: 15    Int: 35    God:    Sif Muna [******]
Gold:   1575       SH:  0    Dex:  8    Spells: 11 memorised, 0 levels left

rFire  + . .     SeeInvis .     V - +6 arbalest "Grim Tooth" {elec, rPois rC- MP+9 Str+7 Dex-5}
rCold  x x x     Clarity  .     W - +2 robe {MR+}
rNeg   . . .     SustAb   .     (no shield)
rPois  +         Gourm    +     j - +2 hat
rElec  .         Spirit   .     L - +2 cloak {rPois}
rCorr  .         Warding  .     m - +2 pair of gloves
rMut   .         Stasis   .     U - +0 pair of boots {Fly}
MR     ++...                    I - amulet of the gourmand
Stlth  +++.......               F - ring of wizardry
                                N - ring of Yredelemnul's Regard {+Blink rPois rF- MP+9 Int+3 Stlth+}

@: immune to fire clouds, flying, deflect missiles, very resistant to hostile
enchantments, fairly stealthy
A: talons 1, spit poison 1
a: Spit Poison, Channel Energy, Forget Spell, Renounce Religion, Evoke Blink,
Stop Flying
}: 2/15 runes: barnacled, gossamer


You were on level 2 of the Vaults.
You worshipped Sif Muna.
Sif Muna was exalted by your worship.
You were not hungry.

You visited 8 branches of the dungeon, and saw 42 of its levels.
You also visited: Sewer.

You collected 4339 gold pieces.
You spent 2764 gold pieces at shops.

Inventory:

Hand weapons
 w - the +5 short sword of the Countless Suns {venom, rElec rPois rN+ Stlth+}
   (You found it on level 6 of the Lair of Beasts)

   It poisons the flesh of those it strikes.
   It insulates you from electricity.
   It protects you from poison.
   It protects you from negative energy.
   It makes you more stealthy.
 V - the +6 arbalest "Grim Tooth" (weapon) {elec, rPois rC- MP+9 Str+7 Dex-5}
   (You found it on level 4 of the Shoals)

   It charges the ammunition it shoots with electricity; occasionally upon a
   hit, such missiles may discharge and cause terrible harm.
   It affects your strength (+7).
   It affects your dexterity (-5).
   It makes you vulnerable to cold.
   It protects you from poison.
   It affects your magic capacity (+9).
Armour
 j - a +2 hat (worn)
 m - a +2 pair of gloves (worn)
 q - a +2 robe of cold resistance
 L - a +2 cloak of poison resistance (worn)
 U - a +0 pair of boots of flying (worn)
 W - a +2 robe of magic resistance (worn)
Magical staves
 a - an uncursed staff of conjuration
Jewellery
 k - the ring "Ditoaf" {rF+ SInv}
   (You bought it in a shop on level 1 of the Shoals)

   [ring of see invisible]

   It protects you from fire.
   It enhances your eyesight.
 o - an uncursed amulet of regeneration
 F - a ring of wizardry (right hand)
 I - an amulet of the gourmand (around neck)
 N - the ring of Yredelemnul's Regard (left hand) {+Blink rPois rF- MP+9 Int+3 Stlth+}
   (You took it off a merfolk on level 5 of the Shoals)

   [ring of magical power]

   It affects your intelligence (+3).
   It makes you vulnerable to fire.
   It protects you from poison.
   It affects your magic capacity (+9).
   It lets you blink.
   It makes you more stealthy.
Magical devices
 b - a wand of fireball (3)
 e - a wand of cold (9)
 h - a wand of hasting (4)
 s - a wand of teleportation (1)
 u - a wand of digging (13)
 C - a wand of enslavement (7)
 E - a wand of paralysis (12)
 P - a wand of fire (5)
 S - a wand of draining (1)
 Y - a wand of fire (7)
 Z - a wand of fireball (4)
Scrolls
 c - a scroll of fear
 g - 10 scrolls of magic mapping
 i - 3 scrolls of immolation
 n - 14 scrolls of remove curse
 y - 5 scrolls of fog
 B - 4 scrolls of blinking
 D - 6 scrolls of recharging
 G - 3 scrolls of teleportation
 T - 3 scrolls of identify
Potions
 r - 10 potions of restore abilities
 t - a potion of resistance
 v - 4 potions of heal wounds
 x - 5 potions of ambrosia
 z - a potion of cure mutation
 A - 4 potions of haste
 H - 4 potions of cancellation
 K - 3 potions of brilliance
 M - 2 potions of magic
 O - 2 potions of invisibility
 R - 12 potions of curing
Miscellaneous
 l - a phial of floods
Comestibles
 d - 21 bread rations
 f - a slice of pizza
 p - 20 meat rations


   Skills:
 + Level 9.5 Fighting
 - Level 10.0 Dodging
 - Level 2.4 Stealth
 * Level 20.2 Spellcasting
 * Level 15.1 Conjurations
   Level 3.1 Hexes
 - Level 12.0 Charms
   Level 1.1 Summonings
 + Level 10.7 Translocations
   Level 3.1 Transmutations
 * Level 15.4 Fire Magic
 - Level 3.2 Air Magic
 * Level 15.3 Earth Magic
 - Level 2.4 Poison Magic
 - Level 10.0 Invocations
 - Level 9.1 Evocations


You couldn't memorise any spells.
You knew the following spells:

 Your Spells              Type           Power        Failure   Level  Hunger
a - Iron Shot             Conj/Erth      #######...   1%          6    None
b - Ring of Flames        Chrm/Fire      ########..   1%          7    None
c - Iskenderun's Battles  Conj/Chrm      #######.     1%          5    None
d - Blink                 Tloc           N/A          0%          2    None
e - Poisonous Cloud       Conj/Pois/Air  ######....   4%          6    None
f - Deflect Missiles      Chrm/Air       ######....   3%          6    None
h - Haste                 Chrm           #######.     1%          6    None
l - Lee's Rapid Deconstr  Erth           #######...   1%          5    None
v - Bolt of Fire          Conj/Fire      ########..   1%          6    None
x - Force Lance           Conj/Tloc      #######.     1%          4    None
z - Fireball              Conj/Fire      ########..   1%          5    None


Dungeon Overview and Level Annotations

Branches:
Dungeon (15/15)            Temple (1/1) D:6            Lair (8/8) D:11
 Shoals (5/5) Lair:6       Spider (5/5) Lair:6        Slime (0/6) Lair:6
    Orc (4/4) D:9             Elf (2/3) Orc:3        Vaults (2/5) D:13
 Depths (0/5) D:15
  Crypt: Vaults:2-3

Altars:
Ashenzari
Cheibriados
Dithmenos
Elyvilon
Fedhas
Gozag
Kikubaaqudgha
Makhleb
Nemelex Xobeh
Okawaru
Qazlal
Ru
Sif Muna
Trog
Vehumet
Xom
Yredelemnul
Zin
The Shining One

Shops:
D:6 ?   D:7 [   D:12 [   Orc:4 !:(!}   Elf:2 (   Shoals:1 =   Shoals:3 *

Annotations:
Shoals:3 Mara


Innate Abilities, Weirdness & Mutations

You are immune to clouds of flame.
You have sharp toenails.
You can spit poison.


Message History

The red ugly thing closely misses you.
Casting: Iron Shot
Confirm with . or Enter, or press ? or * to list all spells.
Aiming: Iron Shot
Press: ? - help, Shift-Dir - straight line, f - red ugly thing
Aim: a red ugly thing (flame, lightly wounded)
The iron shot hits the red ugly thing.
The red ugly thing is severely wounded.
The red ugly thing is engulfed in roaring flames.
The red ugly thing gores you.
* * * LOW HITPOINT WARNING * * *
You are engulfed in flames!
You resist.
* * * LOW HITPOINT WARNING * * *
The red ugly thing is engulfed in roaring flames.
The red ugly thing barely misses you.
The red ugly thing is engulfed in roaring flames.
The red ugly thing engulfs you!
* * * LOW HITPOINT WARNING * * *
You are engulfed in flames!
You resist.
You die...

########
#......#
#......#
#......#
#.u§u..#
#.§@u..#
#.§§§..#
##+#####


You could see 3 ugly things.

Vanquished Creatures
  Norris (Shoals:3)
  Arachne (Spider:2)
  Nikola (Elf:2)
  A deep elf blademaster (Elf:2)
  Asterion (Spider:3)
  Polyphemus (Shoals:2)
  A kraken (Shoals:1)
  Kirke (Spider:5)
  Roxanne (Elf:1)
  Ilsuiw (Shoals:5)
  The ghost of faibistes the Eclecticist, a mighty DEWz of Sif Muna (Shoals:2)
  The ghost of faibistes the Eclecticist, a mighty DEWz of Sif Muna (Shoals:2)
  Aizul (Spider:3)
  Louise (Spider:1)
  A deep elf sorcerer (Elf:1)
  2 ghost moths (Spider:5)
  8 emperor scorpions
  Jorgrun (Elf:2)
  A deep elf demonologist (Elf:1)
  Azrael (Elf:1)
  2 dire elephants (Lair:6)
  Snorg (Shoals:3)
  A deep elf death mage (Elf:1)
  4 merfolk javelineers
  3 fire dragons
  A yaktaur captain (Vaults:1)
  8 merfolk impalers
  A deep elf high priest (Elf:1)
  Fannar (D:12)
  Harold (D:12)
  16 hydras
  Nessos (Elf:1)
  4 merfolk aquamancers
  9 merfolk avatars
  2 satyrs
  A catoblepas (Shoals:2)
  An alligator snapping turtle (Shoals:4)
  A centaur warrior (D:13)
  9 death yaks
  An ogre mage (Vaults:1)
  14 dancing weapons (Elf:2)
  The ghost of faibistes the Thaumaturge, a powerful DEWz of Sif Muna (Lair:2)
  4 spriggan berserkers (Elf:1)
  An orc high priest (Orc:4)
  A shock serpent (shapeshifter) (D:15)
  An iron troll (D:13)
  A shadow wraith (D:13)
  5 skeletal warriors (D:11)
  11 deep elf knights
  2 fire crabs
  A giant orange brain (D:15)
  An unseen horror (D:10)
  7 deep elf summoners
  A swamp dragon (shapeshifter) (D:15)
  10 sea snakes
  5 hill giants
  3 orc knights
  10 deep elf conjurers
  4 orc sorcerers (Orc:4)
  10 griffons
  33 wolf spiders
  A necromancer (Lair:7)
  9 manticores
  2 oklob plants (Lair:6)
  A mana viper (shapeshifter) (D:14)
  22 orb spiders
  18 fauns
  26 harpies
  27 ugly things
  9 elephants
  11 hornets
  5 water nymphs
  12 sirens
  3 moths of wrath
  A drowned soul (Shoals:4)
  6 black mambas
  7 cyclopes
  21 spiny frogs
  A spiny frog (shapeshifter) (Elf:1)
  2 torpor snails
  An efreet (D:13)
  Psyche (D:13)
  A fire drake (Lair:3)
  A queen ant (Spider:5)
  9 komodo dragons
  A kobold demonologist (D:13)
  2 redback zombies
  21 demonic crawlers
  A hellwing (Elf:1)
  11 deep elf priests
  A queen bee (shapeshifter) (Elf:1)
  8 trolls
  3 giant leeches (Lair:8)
  13 slime creatures
  A fire drake (shapeshifter) (D:15)
  35 jumping spiders
  Sonja (D:12)
  17 blink frogs
  A blue devil (Orc:4)
  46 merfolk
  8 boulder beetles
  2 wind drakes (Shoals:4)
  3 polar bears
  A two-headed ogre (Vaults:1)
  4 basilisks
  11 snapping turtles
  A blink frog (shapeshifter) (Elf:2)
  2 wraiths
  4 shadows
  13 water elementals
  30 trapdoor spiders
  63 redbacks
  76 yaks
  A vampire (D:14)
  27 deep elf magi
  6 vampire mosquitoes (Lair:8)
  22 tarantellas
  19 hippogriffs
  28 deep elf fighters
  6 hogs (Spider:5)
  Grum (D:9)
  4 wargs
  A hungry ghost (D:10)
  21 wolves
  4 soldier ants (Spider:5)
  A steam dragon (D:8)
  2 mottled dragons (D:14)
  Edmund (D:6)
  3 hell hounds (Elf:1)
  23 water moccasins
  21 spiders
  17 orc warriors
  3 ice beasts
  A phantom (D:9)
  11 porcupines
  4 sky beasts
  An eye of draining (D:15)
  4 wasps
  An elephant zombie (Lair:7)
  5 boggarts (D:14)
  3 black bears
  2 necrophages
  16 centaurs
  21 ogres
  Sigmund (D:4)
  3 big kobolds
  2 boring beetles
  16 crocodiles
  40 giant frogs
  A wyvern zombie (D:13)
  A gnoll sergeant (D:11)
  9 scorpions
  12 electric eels
  18 wights
  15 killer bees
  4 centaur zombies
  2 goliath beetles (Spider:1)
  A lava snake (D:12)
  3 giant frog zombies
  23 orc priests
  3 crimson imps
  6 jellies
  10 hounds
  Crazy Yiuf (D:6)
  2 basilisk zombies (Lair:7)
  5 centaur skeletons
  8 iguanas
  4 giant frog skeletons
  37 orc wizards
  Natasha (D:4)
  29 worker ants
  9 hell rats
  Ijyb (D:2)
  18 sheep
  A hound zombie (D:10)
  A hound skeleton (D:7)
  2 mummies
  2 worker ant zombies
  15 adders
  7 gnolls
  66 river rats
  3 shadow imps
  2 giant mites
  4 worms
  An orc skeleton (Orc:4)
  5 oozes (D:8)
  163 orcs
  A bat skeleton (D:4)
  2 bat zombies
  6 giant cockroaches
  15 hobgoblins
  3 jackals (D:5)
  20 quokkas
  8 ball pythons
  26 bats
  A giant gecko skeleton (D:4)
  8 giant newts
  6 giant spores
  16 goblins
  A goblin zombie (D:6)
  34 kobolds
  A kobold zombie (D:6)
  A quokka skeleton (D:8)
  37 rats
  A rat zombie (D:6)
  10 ballistomycetes
  3 bushes
  6 fungi
  14 plants
1856 creatures vanquished.

Vanquished Creatures (collateral kills)
  An adder (Sewer)
  A river rat (Sewer)
  2 orcs
  A hobgoblin (D:1)
5 creatures vanquished.

Vanquished Creatures (others)
  A spriggan berserker (Elf:1)
  A deep elf conjurer (Elf:1)
  A harpy (Shoals:2)
  A spiny frog (Lair:6)
  4 drowned souls (Shoals:2)
  A fire elemental (Elf:1)
  A shadow imp (Sewer)
  A white imp (Sewer)
  An adder zombie (D:6)
  An orc (Orc:4)
  A goblin (Orc:4)
  A rat (D:6)
  A ballistomycete (D:6)
  A bush (Lair:8)
  38 fungi
  30 plants
  4 tentacles (Shoals:1)
  40 tentacle segments (Shoals:1)
  10 toadstools (Lair:6)
139 creatures vanquished.

Grand Total: 2000 creatures vanquished

Notes
Turn   | Place    | Note
--------------------------------------------------------------
     0 | D:1      | faibistes, the Deep Elf Wizard, began the quest for the Orb.
     0 | D:1      | Reached XP level 1. HP: 10/10 MP: 6/6
   498 | D:1      | Reached XP level 2. HP: 15/15 MP: 7/10
   503 | D:1      | Learned a level 2 spell: Blink
   522 | D:1      | Learned a level 2 spell: Call Imp
   996 | D:1      | Gained mutation: You have sharp toenails. [potion of beneficial mutation]
  1350 | D:2      | Reached skill level 5 in Spellcasting
  1500 | D:2      | Reached XP level 3. HP: 19/19 MP: 7/14
  1505 | D:2      | Learned a level 3 spell: Conjure Flame
  1509 | D:2      | Learned a level 3 spell: Mephitic Cloud
  1783 | D:2      | Reached XP level 4. HP: 10/24 MP: 3/17
  1860 | D:2      | Noticed Ijyb
  2047 | D:2      | Learned a level 2 spell: Repel Missiles
  2568 | D:2      | Killed Ijyb
  3147 | D:4      | Noticed an ogre
  3166 | D:4      | Killed an ogre
  3166 | D:4      | Reached skill level 6 in Spellcasting
  3166 | D:4      | Reached XP level 5. HP: 26/28 MP: 11/20
  3306 | D:4      | Found an ancient bone altar of Kikubaaqudgha.
  3307 | D:4      | Found a blossoming altar of Fedhas.
  3451 | D:4      | Noticed Sigmund
  3465 | D:4      | Killed Sigmund
  3465 | D:4      | Reached XP level 6. HP: 32/32 MP: 5/22
  3489 | D:4      | Found a glowing drain.
  3591 | Sewer    | Entered a sewer
  3764 | Sewer    | Reached skill level 7 in Spellcasting
  4277 | Sewer    | Reached skill level 1 in Fighting
  4443 | Sewer    | Reached skill level 1 in Evocations
  4443 | Sewer    | Reached XP level 7. HP: 37/39 MP: 13/25
  4710 | D:4      | Noticed an ogre
  4732 | D:4      | Killed an ogre
  5865 | D:5      | Entered Level 5 of the Dungeon
  5898 | D:6      | Reached skill level 8 in Spellcasting
  6172 | D:4      | Found a burning altar of Makhleb.
  6173 | D:4      | Found an opulent altar of Gozag.
  6176 | D:4      | Found a white marble altar of Elyvilon.
  6213 | D:4      | Noticed Natasha
  6219 | D:4      | Killed Natasha
  6717 | D:6      | Found Kucenlue's Magic Scroll Emporium.
  6734 | D:6      | Reached skill level 5 in Dodging
  6734 | D:6      | Reached XP level 8. HP: 44/46 MP: 9/27
  6853 | D:6      | Bought a scroll of magic mapping for 35 gold pieces
  6853 | D:6      | Bought a scroll of identify for 20 gold pieces
  6876 | D:5      | Identified a scroll of acquirement
  6882 | D:5      | Learned a level 3 spell: Dazzling Spray
  7679 | D:5      | Found a sparkling altar of Nemelex Xobeh.
  7835 | D:6      | Found a staircase to the Ecumenical Temple.
  7842 | Temple   | Entered the Ecumenical Temple
  7904 | D:7      | Found Ogizxic's Antique Armour Emporium.
  7912 | D:7      | Bought an embroidered hat for 132 gold pieces
  8189 | D:6      | Reached skill level 9 in Spellcasting
  8247 | D:6      | Noticed Edmund
  8279 | D:6      | Killed Edmund
  8465 | D:6      | Found a sacrificial altar of Ru.
  8611 | D:6      | Noticed Crazy Yiuf
  8646 | D:6      | Killed Crazy Yiuf
  9172 | D:7      | Reached skill level 10 in Spellcasting
  9215 | D:7      | Found a deep blue altar of Sif Muna.
  9229 | D:7      | Became a worshipper of Sif Muna the Loreminder
  9381 | D:7      | Reached skill level 1 in Hexes
  9381 | D:7      | Reached XP level 9. HP: 39/52 MP: 30/30
  9583 | D:7      | Found a stormy altar of Qazlal.
  9625 | D:7      | Reached skill level 1 in Air Magic
  9829 | D:7      | Reached skill level 1 in Fire Magic
 10414 | D:8      | Acquired Sif Muna's first power
 10580 | D:8      | Reached skill level 5 in Conjurations
 10580 | D:8      | Reached skill level 1 in Poison Magic
 10658 | D:8      | Found a glowing golden altar of the Shining One.
 10821 | D:8      | Learned a level 4 spell: Petrify
 10827 | D:8      | Learned a level 5 spell: Ignite Poison
 10906 | D:9      | Acquired Sif Muna's second power
 10906 | D:9      | Reached skill level 1 in Transmutations
 10906 | D:9      | Reached skill level 1 in Earth Magic
 11062 | D:9      | Reached XP level 10. HP: 51/58 MP: 16/32
 11231 | D:10     | Entered Level 10 of the Dungeon
 11615 | D:9      | Found a staircase to the Orcish Mines.
 12055 | D:9      | Found a glowing golden altar of the Shining One.
 12056 | D:9      | Noticed an angel
 12118 | D:9      | Reached skill level 11 in Spellcasting
 12562 | D:9      | Noticed Grum
 12581 | D:9      | Killed Grum
 12714 | D:9      | Learned a level 5 spell: Fireball
 12714 | D:9      | Gained mutation: You can spit poison. [potion of beneficial mutation]
 12905 | D:9      | Found a basalt altar of Yredelemnul.
 12906 | D:9      | Noticed a profane servitor
 12984 | D:9      | Reached skill level 1 in Invocations
 13373 | D:10     | Reached skill level 1 in Charms
 13824 | D:10     | Acquired Sif Muna's third power
 14425 | D:10     | Killed an unseen horror
 14425 | D:10     | Reached skill level 5 in Evocations
 14425 | D:10     | Reached XP level 11. HP: 42/62 MP: 15/33
 14837 | D:11     | Found a staircase to the Lair.
 15614 | D:11     | Noticed a skeletal warrior
 15634 | D:11     | Killed a skeletal warrior
 15644 | D:11     | Noticed a skeletal warrior
 15653 | D:11     | Noticed a skeletal warrior
 15656 | D:11     | Killed a skeletal warrior
 15656 | D:11     | Reached skill level 12 in Spellcasting
 15656 | D:11     | Reached skill level 5 in Earth Magic
 15657 | D:11     | Noticed a skeletal warrior
 15658 | D:11     | Noticed a skeletal warrior
 15661 | D:11     | Found a snail-covered altar of Cheibriados.
 15998 | D:11     | Noticed a hill giant
 16008 | D:11     | Killed a hill giant
 16444 | D:11     | Killed a skeletal warrior
 16760 | D:11     | Killed a skeletal warrior
 16760 | D:11     | Reached skill level 5 in Fire Magic
 16915 | D:11     | Killed a skeletal warrior
 17058 | Lair:1   | Entered Level 1 of the Lair of Beasts
 17134 | Lair:2   | Reached skill level 5 in Fighting
 17156 | Lair:2   | Reached skill level 5 in Invocations
 17267 | Lair:2   | Noticed faibistes' ghost (powerful DEWz)
 17290 | Lair:2   | Killed faibistes' ghost
 17290 | Lair:2   | Reached XP level 12. HP: 51/68 MP: 1/35
 17670 | Lair:1   | Noticed an eight-headed hydra
 17685 | Lair:1   | Killed an eight-headed hydra
 18580 | Lair:1   | Received a gift from Sif Muna
 18581 | Lair:1   | Identified Sif Muna's Handbook of Displaced Self-Improvement (Sif Muna gifted it to you on level 1 of the Lair of Beasts)
 19265 | Lair:2   | Learned a level 5 spell: Lightning Bolt
 19365 | Lair:3   | Reached skill level 5 in Translocations
 19445 | Lair:2   | Noticed a seven-headed hydra
 19455 | Lair:2   | Killed a seven-headed hydra
 19455 | Lair:2   | Reached skill level 5 in Charms
 19807 | Lair:2   | Reached skill level 13 in Spellcasting
 20879 | Lair:4   | Noticed a five-headed hydra
 20884 | Lair:4   | Killed a five-headed hydra
 21490 | Lair:5   | Reached XP level 13. HP: 62/73 MP: 8/36
 22076 | Lair:6   | Found a hole to the Spider Nest.
 22076 | Lair:6   | Found a staircase to the Shoals.
 23257 | Lair:6   | Received a gift from Sif Muna
 23266 | Lair:6   | Identified Sif Muna's Incunabulum of Attacks and Fire (Sif Muna gifted it to you on level 6 of the Lair of Beasts)
 23452 | Lair:2   | Learned a level 6 spell: Bolt of Fire
 23458 | Lair:2   | Learned a level 4 spell: Sticky Flame
 23466 | Lair:2   | Learned a level 6 spell: Haste
 23475 | Lair:2   | Learned a level 4 spell: Petrify
 25478 | Lair:6   | Reached skill level 14 in Spellcasting
 25555 | Lair:6   | Found a staircase to the Slime Pits.
 26586 | Lair:6   | Noticed a dire elephant
 26586 | Lair:6   | Noticed a dire elephant
 26599 | Lair:6   | Killed a dire elephant
 26599 | Lair:6   | Killed a dire elephant
 26809 | Lair:6   | Got a steaming short sword
 26810 | Lair:6   | Identified the +5 short sword of the Countless Suns {venom, rElec rPois rN+ Stlth+} (You found it on level 6 of the Lair of Beasts)
 27213 | Lair:8   | Entered Level 8 of the Lair of Beasts
 28191 | Lair:7   | Reached XP level 14. HP: 76/80 MP: 32/38
 28757 | Lair:8   | Reached skill level 10 in Conjurations
 28758 | Lair:8   | HP: 3/80 [death yak (7)]
 29690 | Lair:2   | Learned a level 6 spell: Haste
 31170 | Lair:8   | Reached skill level 15 in Spellcasting
 32726 | Orc:1    | Entered Level 1 of the Orcish Mines
 33262 | Orc:3    | Found a staircase to the Elven Halls.
 33601 | Orc:4    | Entered Level 4 of the Orcish Mines
 33602 | Orc:4    | Received a gift from Sif Muna
 33605 | Orc:4    | Identified Sif Muna's Almanac of Augmentations (Sif Muna gifted it to you on level 4 of the Orcish Mines)
 35946 | Orc:4    | Found Irghoet's Distillery.
 35957 | Orc:4    | Bought a potion of ambrosia for 96 gold pieces
 35957 | Orc:4    | Bought a potion of heal wounds for 60 gold pieces
 35957 | Orc:4    | Bought a potion of magic for 96 gold pieces
 36552 | Orc:3    | Reached skill level 10 in Dodging
 37473 | Orc:4    | Found Strerch's Gadget Emporium.
 37473 | Orc:4    | Found Shrel's Book Shoppe.
 37473 | Orc:4    | Found Ipaomage's Weapon Shoppe.
 37483 | Orc:4    | Found Qourphua's Distillery.
 37486 | Orc:4    | Bought a potion of brilliance for 72 gold pieces
 37487 | Orc:4    | Bought a book of Geomancy for 385 gold pieces
 37487 | Orc:4    | Bought an Akashic Record for 1214 gold pieces
 37494 | Orc:4    | Learned a level 5 spell: Lee's Rapid Deconstruction
 37981 | Elf:1    | Entered Level 1 of the Elven Halls
 38001 | Elf:2    | Reached XP level 15. HP: 85/85 MP: 16/39
 38386 | Elf:1    | Noticed Roxanne
 38394 | Elf:1    | Killed Roxanne
 38396 | Elf:1    | Identified Roxanne's Compendium of Mutagenic Stones (You took it off Roxanne on level 1 of the Elven Halls)
 38629 | Elf:1    | Noticed Azrael
 38646 | Elf:1    | Killed Azrael
 38891 | Elf:1    | Reached skill level 10 in Invocations
 39402 | Elf:1    | Noticed Nessos
 39404 | Elf:1    | Killed Nessos
 39697 | Elf:1    | Reached skill level 10 in Earth Magic
 39725 | Elf:1    | Got a bloodstained robe
 39736 | Elf:1    | Identified the +0 robe "Psasurgh" {rF+ Regen+ Str-4} (You found it on level 1 of the Elven Halls)
 39736 | Elf:1    | Lost strength.
 40093 | Elf:1    | Reached skill level 10 in Fire Magic
 40908 | Elf:1    | Got a scorched ivory ring
 40910 | Elf:1    | Identified the ring of Curiosity {rPois rN+ Int+2 Dex-4 Slay-3 SInv} (You took it off Nessos on level 1 of the Elven Halls)
 40921 | Elf:1    | Found a bloodstained altar of Trog.
 40928 | Elf:1    | Received a gift from Sif Muna
 40929 | Elf:1    | Identified Sif Muna's Catalogue of Enhancements and the Voyage (Sif Muna gifted it to you on level 1 of the Elven Halls)
 41147 | Elf:1    | Noticed a deep elf sorcerer
 41148 | Elf:1    | Killed a deep elf sorcerer
 41887 | Elf:2    | Reached skill level 16 in Spellcasting
 42344 | Elf:2    | Found Qurutwa's Antique Weapon Boutique.
 42386 | Elf:2    | Found a huge runed gate.
 42386 | Elf:2    | Found a huge runed gate.
 42386 | Elf:2    | Found a huge runed gate.
 42521 | Elf:2    | Found a huge runed gate.
 42542 | Elf:2    | Found a huge runed gate.
 42931 | Lair:2   | Learned a level 5 spell: Iskenderun's Battlesphere
 42936 | Lair:2   | Learned a level 4 spell: Airstrike
 43181 | Elf:2    | Noticed Jorgrun
 43186 | Elf:2    | Killed Jorgrun
 43524 | Elf:2    | Noticed a deep elf blademaster
 43528 | Elf:2    | Killed a deep elf blademaster
 43735 | Elf:2    | Reached XP level 16. HP: 89/92 MP: 6/40
 44172 | Elf:2    | Noticed Nikola
 44183 | Elf:2    | Killed Nikola
 44562 | Elf:2    | Received a gift from Sif Muna
 44563 | Elf:2    | Identified Tahaluh's Guide on Attacks and Envenoming (Sif Muna gifted it to you on level 2 of the Elven Halls)
 45290 | Lair:2   | Learned a level 5 spell: Ignite Poison
 45298 | Lair:2   | Learned a level 6 spell: Deflect Missiles
 45507 | Spider:1 | Entered Level 1 of the Spider Nest
 45902 | Spider:1 | Reached skill level 10 in Charms
 46493 | Spider:3 | Noticed Aizul
 46513 | Spider:3 | Killed Aizul
 46848 | Spider:2 | Reached skill level 17 in Spellcasting
 47142 | Spider:3 | Noticed Asterion
 47549 | Spider:1 | Noticed Louise
 47553 | Spider:1 | Killed Louise
 48652 | Spider:1 | Received a gift from Sif Muna
 48667 | Spider:1 | Identified Awuatt's Handbook of Spatial Combat Magic (Sif Muna gifted it to you on level 1 of the Spider Nest)
 49718 | Spider:2 | Noticed Arachne
 49726 | Spider:2 | Killed Arachne
 50935 | Spider:3 | Reached XP level 17. HP: 97/97 MP: 24/41
 51604 | Spider:5 | Entered Level 5 of the Spider Nest
 52273 | Spider:3 | Killed Asterion
 53703 | Spider:4 | Got a translucent scimitar
 53709 | Spider:4 | Identified the +12 scimitar of Man Crea {vamp, Int+2} (You found it on level 4 of the Spider Nest)
 54333 | Spider:3 | Got an encrusted hand crossbow
 54334 | Spider:3 | Identified the cursed -1 hand crossbow "Beetleslayer" {velocity, rPois Int-5 Stlth+} (You found it on level 3 of the Spider Nest)
 55002 | Spider:5 | Received a gift from Sif Muna
 55003 | Spider:5 | Identified Sif Muna's Papyrus of Conjuration (Sif Muna gifted it to you on level 5 of the Spider Nest)
 56853 | Spider:5 | Reached skill level 18 in Spellcasting
 58861 | Spider:5 | Noticed Kirke
 58874 | Spider:5 | Killed Kirke
 59071 | Spider:5 | Received a gift from Sif Muna
 59072 | Spider:5 | Identified Sif Muna's Compendium of Combat Magic (Sif Muna gifted it to you on level 5 of the Spider Nest)
 59078 | Spider:5 | Learned a level 4 spell: Force Lance
 59419 | Spider:5 | Got a gossamer rune of Zot
 59747 | Lair:2   | Learned a level 4 spell: Airstrike
 59751 | Lair:2   | Learned a level 3 spell: Mephitic Cloud
 59755 | Lair:2   | Learned a level 1 spell: Magic Dart
 59885 | Shoals:1 | Entered Level 1 of the Shoals
 60554 | Shoals:2 | Noticed Polyphemus
 60559 | Shoals:2 | Reached XP level 18. HP: 104/104 MP: 1/43
 60561 | Shoals:2 | Noticed faibistes' ghost (mighty DEWz)
 60564 | Shoals:3 | Found Thoesm's Assorted Antiques.
 60564 | Shoals:3 | Noticed Mara
 60566 | Shoals:3 | Noticed faibistes' illusion
 60605 | Shoals:2 | Killed faibistes' ghost
 60908 | Shoals:2 | Noticed faibistes' ghost (mighty DEWz)
 60913 | Shoals:2 | Killed faibistes' ghost
 61291 | Shoals:1 | Found Skaxtepp's Jewellery Shop.
 62120 | Shoals:2 | Killed Polyphemus
 62935 | Shoals:1 | Bought the ring "Ditoaf" {rF+ SInv} for 493 gold pieces
 63159 | Shoals:3 | Noticed Norris
 63610 | Shoals:3 | Killed Norris
 63610 | Shoals:3 | Received a gift from Sif Muna
 63611 | Shoals:3 | Identified Sif Muna's Volume of Destructive Envenoming (Sif Muna gifted it to you on level 3 of the Shoals)
 63769 | Shoals:2 | Learned a level 6 spell: Poisonous Cloud
 64075 | Shoals:3 | Reached skill level 19 in Spellcasting
 64278 | Shoals:3 | Noticed faibistes' illusion
 64718 | Shoals:3 | Noticed Snorg
 64723 | Shoals:3 | Killed Snorg
 65320 | Shoals:4 | Got a fine arbalest
 65321 | Shoals:4 | Identified the +6 arbalest "Grim Tooth" {elec, rPois rC- MP+9 Str+7 Dex-5} (You found it on level 4 of the Shoals)
 65534 | Shoals:5 | Entered Level 5 of the Shoals
 66377 | Shoals:2 | Reached skill level 10 in Translocations
 67588 | Shoals:5 | Received a gift from Sif Muna
 67714 | Shoals:4 | Learned a level 6 spell: Iron Shot
 68746 | Shoals:5 | Reached XP level 19. HP: 110/110 MP: 37/44
 68760 | Shoals:5 | Got a warped glass ring
 69185 | Shoals:5 | Noticed Ilsuiw
 69200 | Shoals:5 | Killed Ilsuiw
 70102 | Shoals:5 | Got a barnacled rune of Zot
 70749 | Shoals:5 | Got a warped quarterstaff
 70750 | Shoals:5 | Identified the +7 quarterstaff of Hospitality {freeze, Int+3 Dex+2} (You found it on level 5 of the Shoals)
 70794 | Shoals:5 | Identified the ring of Yredelemnul's Regard {+Blink rPois rF- MP+9 Int+3 Stlth+} (You took it off a merfolk on level 5 of the Shoals)
 71164 | D:12     | Noticed Harold
 71165 | D:12     | Killed Harold
 71241 | D:12     | Noticed Sonja
 71246 | D:12     | Killed Sonja
 71323 | D:12     | Noticed a fire dragon
 71329 | D:12     | Killed a fire dragon
 71617 | D:12     | Received a gift from Sif Muna
 71618 | D:12     | Identified Sif Muna's Collected Works on Fiery Arcane Weapons (Sif Muna gifted it to you on level 12 of the Dungeon)
 71853 | D:12     | Noticed Fannar
 71854 | D:12     | Killed Fannar
 71855 | D:12     | Found a glowing silver altar of Zin.
 72105 | D:12     | Found Vuupoph's Armour Boutique.
 72109 | D:12     | Bought a +0 pair of boots of flying for 161 gold pieces
 72658 | D:12     | Identified the Collected Works on the Glacier
 73558 | D:13     | Got a pair of polished boots
 73569 | D:13     | Identified the cursed -4 pair of boots "Plie" {MR+ rCorr Dex-5} (You found it on level 13 of the Dungeon)
 73652 | D:13     | Noticed Psyche
 73656 | D:13     | Killed Psyche
 74692 | D:13     | Found a gate to the Vaults.
 75032 | D:14     | Reached skill level 20 in Spellcasting
 75043 | D:14     | Reached skill level 15 in Earth Magic
 75060 | D:14     | Reached skill level 15 in Fire Magic
 75415 | D:15     | Entered Level 15 of the Dungeon
 75995 | D:11     | Noticed a hill giant
 75997 | D:11     | Killed a hill giant
 76612 | Lair:2   | Learned a level 7 spell: Ring of Flames
 77122 | D:15     | Found a shadowy altar of Dithmenos.
 77691 | D:15     | Found a sparkling altar of Nemelex Xobeh.
 78319 | D:15     | Found a staircase to the Depths.
 78568 | D:15     | Received a gift from Sif Muna
 78569 | D:15     | Identified Sif Muna's Handbook of Malediction (Sif Muna gifted it to you on level 15 of the Dungeon)
 78578 | D:15     | Reached skill level 15 in Conjurations
 79162 | Vaults:1 | Entered Level 1 of the Vaults
 79822 | Vaults:2 | Slain by a red ugly thing

Action                   |  1- 3 |  4- 6 |  7- 9 | 10-12 | 13-15 | 16-18 | 19-21 || total
-------------------------+-------+-------+-------+-------+-------+-------+-------++-------
Melee: Dagger            |     4 |    56 |   138 |   244 |   178 |       |       ||   620
       Short sword       |       |       |    22 |     5 |   224 |    73 |    12 ||   336
 Cast: Magic Dart        |    71 |   119 |   244 |    83 |    27 |     2 |       ||   546
       Blink             |     4 |       |    23 |    13 |    21 |    42 |     2 ||   105
       Call Imp          |     2 |     6 |       |       |       |       |       ||     8
       Mephitic Cloud    |     2 |    17 |    40 |    19 |    21 |     3 |       ||   102
       Conjure Flame     |       |    10 |    39 |    78 |    33 |       |       ||   160
       Repel Missiles    |       |     1 |       |       |       |       |       ||     1
       Dazzling Spray    |       |       |    13 |    66 |     2 |       |       ||    81
       Fireball          |       |       |       |   138 |   368 |   329 |   107 ||   942
       Ignite Poison     |       |       |       |    16 |    42 |   126 |       ||   184
       Lightning Bolt    |       |       |       |     1 |     3 |       |       ||     4
       Sticky Flame      |       |       |       |       |    73 |    82 |       ||   155
       Bolt of Fire      |       |       |       |       |    96 |   254 |   177 ||   527
       Petrify           |       |       |       |       |     5 |       |       ||     5
       Lee's Rapid Decon |       |       |       |       |    34 |    53 |    17 ||   104
       Airstrike         |       |       |       |       |    13 |    51 |    19 ||    83
       Iskenderun's Batt |       |       |       |       |     4 |    35 |     1 ||    40
       Deflect Missiles  |       |       |       |       |       |     3 |     2 ||     5
       Force Lance       |       |       |       |       |       |    30 |    17 ||    47
       Poisonous Cloud   |       |       |       |       |       |    17 |    13 ||    30
       Haste             |       |       |       |       |       |     2 |       ||     2
       Iron Shot         |       |       |       |       |       |       |    20 ||    20
       Ring of Flames    |       |       |       |       |       |       |     6 ||     6
Invok: Channel Energy    |       |       |     5 |    20 |    69 |   185 |    41 ||   320
       Forget Spell      |       |       |       |       |     4 |     8 |       ||    12
Evoke: Wand              |       |       |     2 |       |     1 |    13 |     8 ||    24
  Use: Scroll            |     2 |    10 |    14 |     8 |    11 |    27 |    10 ||    82
       Potion            |     1 |     1 |     1 |     1 |    11 |    21 |       ||    36
 Stab: Sleeping          |     1 |       |     1 |     3 |     1 |       |       ||     6
       Confused          |     1 |     1 |    13 |     5 |     5 |       |       ||    25
       Invisible         |       |       |       |     6 |       |       |       ||     6
  Eat: Chunk             |     2 |     7 |    22 |    40 |    80 |    92 |    44 ||   287
       Fruit             |       |     1 |       |     3 |     4 |    16 |     3 ||    27
       Beef jerky        |       |       |       |       |     1 |     3 |     1 ||     5
       Pizza             |       |       |       |       |     4 |     2 |       ||     6
       Royal jelly       |       |       |       |       |       |     1 |       ||     1
